 Dungeon Crawl Stone Soup version 0.28-a0-1159-g27aa881441 (webtiles) character file.

Game seed: 47713579742377199

2 spaghetti the Sneak (level 1, -2/18 HPs)
             Began as a Mummy Delver on Dec 16, 2021.
             Slain by a necrophage (6 damage)
             ... on level 6 of the Dungeon.
             The game lasted 00:01:07 (232 turns).

spaghetti the Sneak (Mummy Delver)                   Turns: 232, Time: 00:01:08

Health: -2/18      AC:  3    Str: 15    XL:     1   Next: 33%
Magic:  1/1        EV: 11    Int:  9    God:
Gold:   21         SH:  0    Dex: 13    Spells: 0/0 levels left

rFire   x . .      SeeInvis .   a - +0 short sword {short}
rCold   + . .      Faith    .   (no shield)
rNeg    + + +      Spirit   .   b - +0 leather armour
rPois   ∞          Reflect  .   (no helmet)
rElec   .          Harm     .   (no cloak)
rCorr   .          Rampage  .   (no gloves)
Will    .....                   (no boots)
Stlth   ++........              (no amulet)
HPRegen 0.06/turn               (no ring)
MPRegen 0.07/turn               (no ring)

@: no status effects
A: cold resistance 1, negative energy resistance 3, torment resistance 2, heat
vulnerability 1, no potions
a: no special abilities


You were on level 6 of the Dungeon.
You visited 1 branch of the dungeon, and saw 3 of its levels.

You collected 21 gold pieces.


Innate Abilities, Weirdness & Mutations

You are immune to poison.
Your flesh is cold resistant. (rC+)
You are immune to negative energy. (rN+++)
You are immune to unholy pain and torment.
You are vulnerable to heat. (rF-)
You do not drink.


   Skills:
 - Level 3.0 Fighting
 - Level 1.5 Short Blades
 - Level 1.5 Dodging
 + Level 4.2 Stealth


You couldn't memorise any spells.
You didn't know any spells.
Your spell library was empty.

Inventory:

Hand Weapons
 a - a +0 short sword (weapon) {short}
Missiles
 g - 15 stones (quivered) {throwing}
Armour
 b - a +0 leather armour (worn)
Wands
 f - a wand of digging (6)
Scrolls
 c - a scroll of fog
 d - a scroll of magic mapping {!r}
 e - a scroll of fear

Dungeon Overview and Level Annotations

Branches:
Dungeon (6/15)
 Temple: D:4-7

Altars:

Annotations:
D:4 exclusions: door and ogre, Sigmund
D:5 exclusions: centaur and jelly

### ####@#
###.##n##
##.......##
#.........#
##..<.#.......
#..#.###.....
##...# .....#
##... ...###
....# ...#


You could see a necrophage.


Message History

Here: a jelly (wandering, hasn't noticed you)
The floor.
Placed new exclusion.
There is a stone staircase leading up here.
You climb upwards.
There is a stone staircase leading down here.
Unknown command.
Unknown command.
An endoplasm comes into view.
You see here a scroll labelled YKHUIXIOTO.
The helpless endoplasm fails to defend itself.
You puncture the endoplasm!
You kill the endoplasm!
h - a scroll labelled YKHUIXIOTO Blink to where?
Press: ? - help, Dir - move target
As you read the scroll labelled YKHUIXIOTO, it crumbles to dust.
It was a scroll of blinking.
Unknown command.
A hobgoblin comes into view.
The helpless hobgoblin fails to defend itself.
You puncture the hobgoblin!
You kill the hobgoblin!
You see here a hobgoblin corpse.
f - a wand of digging (6) (gained 3 charges)
You now have 21 gold pieces.
An ogre comes into view. It is wielding a +0 giant club.
Press: ? - help, v - describe, . - travel
Here: an ogre, wielding a +0 giant club (asleep)
The floor.
Placed new exclusion.
You see here a bubbling purple potion.
You open the door. 2 orcs come into view.
The orc shouts!
You hear a shout!
You close the door.
You open the door.
Sigmund the Dreaded comes into view.
He is wielding a +0 scythe.
An ogre comes into view. It is wielding a +0 giant club.
Unknown command.
You close the door.
Press: ? - help, v - describe, . - travel A closed door.
Placed new exclusion.
Reduced exclusion size to a single square.
You see here a bubbling purple potion.
Sigmund gestures at you while chanting. The magic dart hits you. 😕 HP[-1]
You take 1 damage, and now have 17/18 hp.
There is a stone staircase leading down here.
You climb downwards.
Level annotation: exclusions: centaur and jelly The jelly hits you but does no damage.
There is a stone staircase leading up here.
Unknown command.
Unknown command.
Unknown command.
You hit the jelly.
Your hands burn!
The jelly barely misses you. 😕 HP[-3]
You take 3 damage, and now have 14/18 hp.
You barely miss the jelly. The jelly hits you but does no damage.
You hit the jelly.
Your hands burn!
* * * LOW HITPOINT WARNING * * *
The jelly barely misses you. x2 😨 HP[-5]
You take 5 damage, and now have 9/18 hp.
MASSIVE DAMAGE!! (PAUSE) Unknown command.
Okay, then.
You can't drink.
Okay, then.
There is a stone staircase leading down here.
The jelly hits you but does no damage.
You climb downwards.
There is a stone staircase leading up here.
Unknown command.
Unknown command.
You can't drink.
You can't see any enemies this would affect, really read the scroll of fear?
Okay, then.
Okay, then.
You can't drink.
You can't see any enemies this would affect, really read the scroll of fear?
Okay, then.
Unknown command.
You hit the necrophage but do no damage.
The necrophage hits you.
* * * LOW HITPOINT WARNING * * *
😨 HP[-4]
You take 4 damage, and now have 5/18 hp.
MASSIVE DAMAGE!! (PAUSE) Unknown command.
You closely miss the necrophage. The necrophage hits you.
* * * LOW HITPOINT WARNING * * *
😱 HP[-1]
You take 1 damage, and now have 4/18 hp.
Unknown command.
You hit the necrophage. The necrophage hits you.
You die...

Action                   || total
-------------------------++-------
Melee: Short sword       ||     8
  Use: Scroll            ||     1
 Stab: Sleeping          ||     2
Armor: Leather armour    ||     3
Dodge: Dodged            ||     3

Levels and vault maps discovered:
D:4:      minmay_opposing_rooms, layout_loops_corners, temple_statues,
          uniq_sigmund
D:5:      layout_loops_ring, minmay_crystal_water, kennysheep_generic_room_4,
          uniq_prince_ribbit1, uniq_grinder, uniq_menkaure
D:6:      layout_cave_pools, serial_shops, nicolae_shop_stone

Notes
Turn   | Place    | Note
-------+----------+-------------------------------------------
     0 | D:5      | spaghetti the Mummy Delver began the quest for the Orb.
     0 | D:5      | Reached XP level 1. HP: 18/18 MP: 1/1
     0 | D:5      | magus.rc [v1.9.6]
    13 | D:6      | Noticed a necrophage
    41 | D:5      | Noticed a centaur
    84 | D:5      | Noticed a jelly
   171 | D:4      | Noticed an ogre
   190 | D:4      | Noticed Sigmund
   190 | D:4      | Noticed an ogre
   231 | D:6      | HP: 4/18 [necrophage (2)]
   232 | D:6      | Slain by a necrophage

Vanquished Creatures
  An endoplasm (D:4)
  A hobgoblin (D:4)
2 creatures vanquished.

Table legend:
 A = Non-vault XP
 B = Vault XP
 C = Vault XP percentage of total XP
 D = Non-vault monster count
 E = Vault monster count
 F = Vault count percentage of total count
                 A         B        C        D         E       F
            +---------+---------+-------+---------+---------+-------
      Total |       2 |       2 |  50.0 |       1 |       1 |  50.0
            +---------+---------+-------+---------+---------+-------
        D:4 |       2 |       2 |  50.0 |       1 |       1 |  50.0
            +---------+---------+-------+---------+---------+-------

Illustrated notes

Table legend:
 A = Kills in this place as a percentage of kills in entire the game.
 B = Kills by you in this place as a percentage of kills by you in the entire game.
 C = Kills by friends in this place as a percentage of kills by friends in the entire game.
 D = Other kills in this place as a percentage of other kills in the entire game.
 E = Experience gained in this place as a percentage of experience gained in the entire game.
 F = Experience gained in this place divided by the number of levels of this place that you have seen.
                   A       B       C       D       E      F
               +-------+-------+-------+-------+-------+----------------------
         Total | 100.0 | 100.0 |   N/A |   N/A | 100.0 |   1.3
       Dungeon | 100.0 | 100.0 |   N/A |   N/A | 100.0 |   1.3
               +-------+-------+-------+-------+-------+----------------------

Table legend: (Time is in decaauts)
 A = Elapsed time spent in this place.
 B = Non-inter-level travel time spent in this place.
 C = Inter-level travel time spent in this place.
 D = Time resting spent in this place.
 E = Time spent auto-exploring this place.
 F = Levels seen in this place.
 G = Mean time per level.
                   A        B        C        D        E       F      G
               +--------+--------+--------+--------+--------+-----+--------+
         Total |    234 |    223 |     11 |      0 |    121 |   3 |   78.0 |
       Dungeon |    234 |    223 |     11 |      0 |    121 |   3 |   78.0 |
               +--------+--------+--------+--------+--------+-----+--------+

Top non-repeatable levels by time:
     D:4: 119 daAuts
     D:5: 105 daAuts
     D:6: 9 daAuts
